 Dungeon Crawl Stone Soup version 0.30-a0-364-gf6b3ef1049 (webtiles) character file.

Game seed: 17070323661429770784

51 Hubris850 the Trooper (level 3, 0/33 HPs)
             Began as a Hill Orc Fighter on Nov 14, 2022.
             Was a Believer of Qazlal.
             Slain by a gnoll
             ... wielding a +0 flail
              (3 damage)
             ... on level 2 of the Dungeon.
             The game lasted 00:02:20 (642 turns).

Hubris850 the Trooper (Hill Orc Fighter)             Turns: 642, Time: 00:02:22

Health: 0/33       AC:  9    Str: 20    XL:     3   Next: 83%
Magic:  1/4        EV:  9    Int:  8    God:    Qazlal [**....]
Gold:   74         SH:  7    Dex: 10    Spells: 2/2 levels left

rFire   . . .      SeeInvis .    a - +0 war axe
rCold   . . .      Faith    .    c - +0 buckler
rNeg    . . .      Spirit   .    b - +0 scale mail
rPois   .          Reflect  .    h - +1 helmet
rElec   .          Harm     .    (no cloak)
rCorr   .          Rampage  .    (no gloves)
Will    .....                    (no boots)
Stlth   ..........               (no amulet)
HPRegen 0.25/turn                (no ring)
MPRegen 0.09/turn                (no ring)

@: no status effects
A: no striking features
a: Renounce Religion, Upheaval


You were on level 2 of the Dungeon.
You worshipped Qazlal.
Qazlal was pleased with you.
You visited 1 branch of the dungeon, and saw 2 of its levels.

You collected 74 gold pieces.

Inventory:

Hand Weapons
 a - a +0 war axe (weapon)
Armour
 b - a +0 scale mail (worn)
 c - a +0 buckler (worn)
 h - a +1 helmet (worn)
Scrolls
 e - a scroll of teleportation {unknown}
 g - 2 scrolls of enchant weapon {unknown}
Potions
 d - a potion of might
 f - a potion of attraction {unknown}
 i - 3 potions of curing {unknown}


   Skills:
 - Level 4.0 Fighting
 + Level 3.4 Axes
 + Level 3.7 Armour
 + Level 3.8 Shields
 + Level 1.6 Invocations


You had 2 spell levels left.
You didn't know any spells.
Your spell library contained the following spells:

 Spells                   Type           Power      Damage    Failure   Level
 Ensorcelled Hibernation  Hex/Ice        0%         N/A       94%         2
 Gell's Gravitas          Tloc           0%         N/A       99%         3
 Kindle Blastsparks       Fire/Tloc/Air  0%         2d10      99%         3
 Lesser Beckoning         Tloc           0%         N/A       99%         3
 Spider Form              Tmut/Pois      0%         N/A       99%         3
 Teleport Other           Tloc           0%         N/A       99%         3
 Anguish                  Hex/Necr       0%         N/A       100%        4
 Fulminant Prism          Conj/Hex       0%         3d5       100%        4
 Iskenderun's Mystic Bla  Conj/Tloc      0%         2d3       100%        4
 Lee's Rapid Deconstruct  Erth           0%         3d4*      100%        5


Dungeon Overview and Level Annotations

Branches:
Dungeon (2/15)

Altars:
Qazlal


Message History

The gnoll hits you with a +0 flail. The gnoll barely misses you.
You barely miss the gnoll.
The gnoll is heavily wounded.
You block the gnoll's attack. The gnoll hits you but does no damage.
The gnoll closely misses you. You block the gnoll's attack.
You hit the gnoll but do no damage.
The gnoll is heavily wounded.
You block the gnoll's attack. The gnoll hits you with a +0 flail.
You barely miss the gnoll.
The gnoll is heavily wounded.
The gnoll closely misses you. You block the gnoll's attack.
You closely miss the gnoll.
The gnoll is heavily wounded.
The gnoll misses you. The gnoll closely misses you.
The gnoll hits you from afar with a +0 spear.
The gnoll hits you with a +0 flail.
You closely miss the gnoll.
The gnoll is heavily wounded.
The gnoll hits you from afar with a +0 spear!
The gnoll hits you with a +0 flail!
You slash the gnoll!
You kill the gnoll!
Qazlal accepts your kill.
The gnoll hits you from afar with a +0 spear.
* * * LOW HITPOINT WARNING * * *
The gnoll hits you but does no damage.
The gnoll hits you from afar with a +0 spear.
* * * LOW HITPOINT WARNING * * *
You hit the gnoll.
The gnoll is lightly wounded.
The gnoll barely misses you.
The gnoll hits you from afar with a +0 spear.
* * * LOW HITPOINT WARNING * * *
You hit the gnoll.
The gnoll is moderately wounded.
The gnoll hits you with a +0 flail.
* * * LOW HITPOINT WARNING * * *
The gnoll barely misses you. The gnoll hits you but does no damage.
The gnoll hits you with a +0 flail.
You die...

#...# #...# #†<.#
#########...######
.................#
######....#####.. ####
#.##.# ##[.# #.##.#
#..<## ##.##@# #
#.#..###
##..##g######.# #
##(<.####..###g.†......
###...##.## #.........
###.##.# #.........
#.#..####.........
#.....>##.........
###.##.##....##### #†#
.#?..###


You could see 2 gnolls.

Vanquished Creatures
  2 gnolls (D:2)
  3 dart slugs (D:1)
  4 bats (D:1)
  An endoplasm (D:1)
  2 giant cockroaches
  2 goblins (D:1)
  A hobgoblin (D:1)
  3 ball pythons (D:1)
  2 frilled lizards (D:1)
  3 kobolds (D:1)
  6 rats
29 creatures vanquished.

Notes
Turn   | Place    | Note
-------+----------+-------------------------------------------
     0 | D:1      | Hubris850 the Hill Orc Fighter began the quest for the Orb.
     0 | D:1      | Reached XP level 1. HP: 19/19 MP: 1/1
    18 | D:1      | Found a faded altar of an unknown god.
    34 | D:1      | Prayed at the altar of an unknown god.
    34 | D:1      | Became a worshipper of Qazlal Stormbringer
    34 | D:1      | Reached * piety under Qazlal
   144 | D:1      | Reached XP level 2. HP: 26/27 MP: 2/2
   255 | D:1      | Reached skill level 1 in Invocations
   375 | D:1      | Reached XP level 3. HP: 32/33 MP: 3/3
   391 | D:1      | Reached skill level 4 in Fighting
   605 | D:2      | Reached ** piety under Qazlal
   642 | D:2      | Slain by a gnoll

Illustrated notes

Levels and vault maps discovered:
D:1:      roderic_chinese_lattice_arrival, layout_rooms, serial_curves,
          eino_curves_01, eino_curves_03, hellmonk_ecumenical_altar_run_dry,
          hangedman_decor_slide_cut, minmay_tetromino_t2
D:2:      layout_rooms, kennysheep_doodads, nicolae_kite_square_tiling_tiny

Skill      XL: |  1  2  3 |
---------------+----------+-----
Axes           | 3 |  3.4
Invocations    | 1 |  1.6
Fighting       | 4 |  4.0
Armour         | |  3.7
Shields        | |  3.8

Action                   || total
-------------------------++-------
Melee: War axe           ||    65
Invok: Upheaval          ||     1
Armor: Scale mail        ||    37
Dodge: Dodged            ||    32
Block: Buckler           ||    22

Table legend: (Time is in decaauts)
 A = Elapsed time spent in this place.
 B = Non-inter-level travel time spent in this place.
 C = Inter-level travel time spent in this place.
 D = Time resting spent in this place.
 E = Time spent auto-exploring this place.
 F = Levels seen in this place.
 G = Mean time per level.
                   A        B        C        D        E       F      G
               +--------+--------+--------+--------+--------+-----+--------+
         Total |    667 |    665 |      2 |     26 |    440 |   2 |  333.5 |
       Dungeon |    667 |    665 |      2 |     26 |    440 |   2 |  333.5 |
               +--------+--------+--------+--------+--------+-----+--------+

Top non-repeatable levels by time:
     D:1: 588 daAuts
     D:2: 78 daAuts
